 Dungeon Crawl Stone Soup version 0.31-a0-319-g4fced400ed (webtiles) character file.

Game seed: 16085051297975327619

852 senseless the Sneak (level 8, 0/54 HPs)
             Began as an Octopode Shapeshifter on July 17, 2023.
             Killed from afar by a dart slug (4 damage)
             ... with a slug dart
             ... on level 5 of the Dungeon.
             The game lasted 00:10:47 (3199 turns).

senseless the Sneak (Octopode Shapeshifter)         Turns: 3199, Time: 00:10:48

Health: 0/54       AC:  1    Str: 21    XL:     8   Next: 1%
Magic:  8/8        EV: 14    Int: 10    God:
Gold:   742        SH:  0    Dex: 14    Spells: 7/7 levels left

rFire   + .          .
                       - Unarmed
rCold   . . .        (no shield)
rNeg    . . .        (helmet currently unavailable)
rPois   .            k - amulet of magic regeneration
rElec   .            c - +6 ring of strength
rCorr   .            j - ring of protection from fire
SInv    .            (no ring)
Will    .....        (no ring)
Stlth   +++++        (no ring)
HPRegen 0.29/turn    (no ring)
MPRegen 0.51/turn    (no ring)
                     (no ring)

%: no passive effects
@: beast-form
A: beast (slay +3), almost no armour, amphibious, 8 rings, camouflage 1,
gelatinous body 1, nimble swimmer 1, tentacles
a: Begin Untransformation


You were on level 5 of the Dungeon.
You were a hulking beast.
You visited 1 branch of the dungeon, and saw 5 of its levels.

You collected 1303 gold pieces.
You spent 561 gold pieces at shops.

Inventory:

Missiles
 g - 5 javelins
Jewellery
 c - a +6 ring of strength (left tentacle)
 j - a ring of protection from fire (right tentacle)
 k - an amulet of magic regeneration (around mantle)
Talismans
 b - a beast talisman
Wands
 n - a wand of light (2)
Scrolls
 d - 4 scrolls of identify
 i - a scroll of enchant weapon
Potions
 a - a potion of lignification
 f - a potion of ambrosia
 h - 2 potions of heal wounds
 l - a potion of magic


   Skills:
 + Level 4.3 Fighting
 + Level 4.3 Dodging
 + Level 5.3 Stealth
 + Level 4.2 Unarmed Combat
 + Level 4.4 Shapeshifting


You had 7 spell levels left.
You didn't know any spells.
Your spell library contained the following spells:

 Spells                   Type           Power      Damage    Failure   Level
 Blink                    Tloc           0%         N/A       50%         2
 Ensorcelled Hibernation  Hex/Ice        0%         N/A       50%         2
 Lesser Beckoning         Tloc           0%         N/A       50%         2
 Momentum Strike          Conj/Tloc      0%         3d8       50%         2
 Call Canine Familiar     Summ           0%         N/A       75%         3
 Portal Projectile        Hex/Tloc       0%         N/A       75%         3
 Stone Arrow              Conj/Erth      0%         3d7       75%         3
 Vhi's Electric Charge    Tloc/Air       0%         N/A       75%         3
 Leda's Liquefaction      Hex/Erth       0%         N/A       98%         4
 Arcjolt                  Conj/Air       0%         1d10      100%        5
 Plasma Beam              Fire/Air       0%         2x1d10    100%        6
 Lehudib's Crystal Spear  Conj/Erth      0%         10d2      100%        8
 Summon Horrible Things   Summ           0%         N/A       100%        8
 Animate Armour           Summ/Erth      Unusable   N/A       N/A         4

Dungeon Overview and Level Annotations

Branches:
Dungeon (5/15)
 Temple: D:4-7

Altars:

Shops:
D:2 !?**


Innate Abilities, Weirdness & Mutations

You are a hulking beast.
Your limbs bulge with bestial killing power. (Slay +3)
You cannot wear most types of armour.
You are amphibious.
You can wear up to eight rings at the same time.
Your skin changes colour to match your surroundings (Stealth+).
Your rubbery body absorbs attacks. (AC +1, EV +1)
You are camouflaged when in or above water. (Stealth+)
You have tentacles for arms and can constrict up to eight enemies at once.


Message History

You are too injured to fight recklessly!
You are too injured to fight recklessly!
You are too injured to fight recklessly!
You are too injured to fight recklessly!
You are too injured to fight recklessly!
You are too injured to fight recklessly!
You are too injured to fight recklessly!
You are too injured to fight recklessly!
You are too injured to fight recklessly!
You are too injured to fight recklessly!
You are too injured to fight recklessly!
You are too injured to fight recklessly!
You are too injured to fight recklessly!
You are too injured to fight recklessly!
You are too injured to fight recklessly!
The ice beast attacks as you move away! The ice beast closely misses you.
Found a ring mail.
The ice beast barely misses you.
You bludgeon the ice beast!
The ice beast is moderately wounded.
The ice beast closely misses you.
The dart slug briefly extends its eye-stalks.
The dart slug launches a dart at you. The slug dart misses you.
You tentacle-slap the ice beast.
The ice beast is heavily wounded.
The ice beast barely misses you.
You tentacle-slap the ice beast but do no damage.
Your tentacle-slap misses the ice beast.
The ice beast is heavily wounded.
The ice beast hits you.
* * * LOW HITPOINT WARNING * * *
The ice beast freezes you!
* * * LOW HITPOINT WARNING * * *
You tentacle-slap the ice beast.
Your tentacle-slap misses the ice beast.
The ice beast is heavily wounded.
The ice beast misses you. The dart slug launches a dart at you.
The slug dart hits you.
You die...

####~≈ ~~#~~
..~≈≈#~!.[≈≈
#w≈≈#≈≈.♣~.~≈~~w.
##≈≈≈#≈≈s.~≈≈≈≈~~o
#~≈≈≈≈#≈~.≈~#≈~~~~
###~~≈~~~~...~≈≈~≈~~
#...#~~≈≈~?<.~≈~~≈~w
.###.#~≈~≈h≈~...~~~≈≈≈~
......~~≈Y≈≈≈~.~~≈≈≈≈~~
..#####~~≈≈≈≈~.<~≈≈≈≈~.
###.~≈≈≈≈...~#≈#w..
#...~~≈#≈~.(~~≈≈~
#......~~≈≈~~~~≈~~#
#.###...†~≈~≈~≈#.... #
#.#.##≈~.~≈##.###
#.######..## ##


You could see an ice beast, a scorpion and a dart slug.

Vanquished Creatures
  Pikel (D:4)
  A lemure (D:4)
  A scorpion (D:3)
  2 hounds (D:4)
  An orc priest (D:4)
  2 iguanas (D:4)
  2 orc wizards (D:4)
  3 adders
  4 gnolls (D:3)
  4 worms (D:2)
  5 dart slugs
  2 orcs (D:4)
  4 ball pythons
  4 endoplasms
  3 giant cockroaches
  6 goblins
  4 hobgoblins
  6 kobolds
  A quokka (D:1)
  8 bats
  4 frilled lizards
  5 rats
73 creatures vanquished.

Notes
Turn   | Place    | Note
-------+----------+-------------------------------------------
     0 | D:1      | senseless the Octopode Shapeshifter began the quest for the
                  | Orb.
     0 | D:1      | Reached XP level 1. HP: 14/14 MP: 1/1
    68 | D:1      | Got Lebalatt's Incunabulum of the Allied Oath
   179 | D:1      | Reached XP level 2. HP: 19/19 MP: 2/2
   259 | D:1      | Reached skill level 1 in Stealth
   641 | D:2      | Reached XP level 3. HP: 20/25 MP: 3/3
   817 | D:2      | Found Ripiph's Magic Scroll Shop.
   895 | D:2      | Found Dawkumm Tois's General Store.
   943 | D:2      | Bought a potion of heal wounds for 65 gold pieces
   960 | D:2      | Bought a scroll of identify for 28 gold pieces
  1045 | D:2      | Found Elan's Distillery.
  1128 | D:2      | Reached XP level 4. HP: 27/30 MP: 4/4
  1199 | D:2      | Reached skill level 2 in Stealth
  1221 | D:2      | Found Xuhy's General Store.
  1689 | D:2      | Identified a scroll of acquirement
  1689 | D:2      | Acquired 1045 gold pieces
  1725 | D:2      | Bought a +6 ring of strength for 468 gold pieces
  1928 | D:3      | Reached XP level 5. HP: 36/36 MP: 5/5
  2315 | D:4      | Noticed Pikel
  2315 | D:4      | Noticed a lemure
  2316 | D:4      | Noticed a lemure
  2316 | D:4      | Noticed a lemure
  2329 | D:3      | Reached skill level 3 in Stealth
  2415 | D:4      | HP: 1/36 [iguana (10)]
  2596 | D:4      | Reached XP level 6. HP: 35/42 MP: 6/6
  2695 | D:4      | HP: 2/42 [Pikel/+0 whip of freezing (5)]
  2698 | D:4      | Killed Pikel
  2699 | D:4      | Reached skill level 5 in Stealth
  2699 | D:4      | Reached XP level 7. HP: 21/48 MP: 7/7
  2866 | D:4      | Reached XP level 8. HP: 23/54 MP: 8/8
  3175 | D:5      | Entered Level 5 of the Dungeon
  3199 | D:5      | Killed from afar by a dart slug

Illustrated notes

Levels and vault maps discovered:
D:1:      minmay_arrival_open_corners, layout_loops_ring
D:2:      layout_basic, serial_shops, shop, shop, shop, shop,
          minmay_misc_feat_more_columns
D:3:      layout_basic
D:4:      layout_rooms, uniq_pikel
D:5:      kennysheep_slugbush, layout_loops_corners,
          minmay_temple_entry_junction, serial_shops, shop, uniq_eustachio,
          uniq_menkaure

Skill      XL: |  1  2  3  4  5  6 |
---------------+-------------------+-----
Stealth        | 1 2 3 5 |  5.3
Fighting       | 3 4 |  4.3
Dodging        | 3 4 |  4.3
Unarmed Combat | 3 4 |  4.2
Shapeshifting  | 4 |  4.4

Action                     |  1- 3 |  4- 6 |  7- 9 || total
---------------------------+-------+-------+-------++-------
  Melee: Unarmed           |    64 |    73 |    25 ||   162
         Constrict         |    14 |    19 |     5 ||    38
         Tentacles         |     9 |    21 |     7 ||    37
         Punch             |     1 |       |     1 ||     2
    Use: Potion            |     2 |     1 |     2 ||     5
         Scroll            |       |     7 |     2 ||     9
   Stab: Sleeping          |     9 |     8 |     2 ||    19
         Distracted        |       |     1 |       ||     1
 Armour: Skin              |     3 |     3 |     2 ||     8
  Dodge: Dodged            |    33 |    43 |    30 ||   106

Table legend: (Time is in decaauts)
 A = Elapsed time spent in this place.
 B = Non-inter-level travel time spent in this place.
 C = Inter-level travel time spent in this place.
 D = Time resting spent in this place.
 E = Time spent auto-exploring this place.
 F = Levels seen in this place.
 G = Mean time per level.
                   A        B        C        D        E       F      G
               +--------+--------+--------+--------+--------+-----+--------+
         Total |   3190 |   3006 |    184 |    181 |   2288 |   5 |  638.0 |
       Dungeon |   3190 |   3006 |    184 |    181 |   2288 |   5 |  638.0 |
               +--------+--------+--------+--------+--------+-----+--------+

Top non-repeatable levels by time:
     D:2: 1168 daAuts
     D:4: 774 daAuts
     D:1: 670 daAuts
     D:3: 554 daAuts
     D:5: 23 daAuts
